 Dungeon Crawl Stone Soup version 0.31-a0-232-gb1c03b2570 (webtiles) character file.

Game seed: 10490797134918638152

1958 qw the Skirmisher (level 9, -1/56 HPs)
             Began as a Gargoyle Hexslinger on July 7, 2023.
             Slain by a wyvern (7 damage)
             ... on level 7 of the Dungeon.
             The game lasted 00:02:30 (5500 turns).

qw the Skirmisher (Gargoyle Hexslinger)             Turns: 5500, Time: 00:02:31

Health: -1/56      AC: 12    Str: 11    XL:     9   Next: 19%
Magic:  10/10      EV: 11    Int: 15    God:
Gold:   156        SH:  0    Dex: 16    Spells: 9/10 levels left

rFire   + + .        l - +1 arbalest
rCold   + . .        (shield currently unavailable)
rNeg    + . .        h - +1 ring mail of Xitalis {Fly rPois rF+ Will+}
rPois   inf          (no helmet)
rElec   +            i - scarf {rC+ rF+}
rCorr   .            (no gloves)
SInv    .            (no boots)
Will    ++...        (no amulet)
Stlth   +            e - ring of willpower
HPRegen 0.29/turn    (no ring)
MPRegen 0.12/turn

%: no passive effects
@: about to teleport, flying
A: sickness immunity, AC +6, negative energy resistance 1, electricity
resistance, torment resistance 1, petrification resistance
a: no special abilities


You were on level 7 of the Dungeon.
You visited 1 branch of the dungeon, and saw 7 of its levels.

You collected 394 gold pieces.
You spent 238 gold pieces at shops.


Innate Abilities, Weirdness & Mutations

You are immune to sickness and miasma.
Your stone body is resilient. (AC +6)
You are immune to poison.
You resist negative energy. (rN+)
You are resistant to electric shocks. (rElec)
You are resistant to unholy torment.
You are immune to petrification.


   Skills:
 + Level 6.4 Fighting
 - Level 10.0 Ranged Weapons
 - Level 2.2 Armour
 - Level 2.1 Dodging
 - Level 1.0 Spellcasting
 - Level 2.6 Hexes


You had 9 spell levels left.
You knew the following spells:

 Your Spells              Type           Power      Damage    Failure   Level
a - Slow                  Hex            32%        N/A       19%         1

Your spell library contained the following spells:

 Spells                   Type           Power      Damage    Failure   Level
 Inner Flame              Hex/Fire       4%         N/A       69%         3
 Portal Projectile        Hex/Tloc       8%         N/A       69%         3
 Cause Fear               Hex            4%         N/A       88%         4

Inventory:

Hand Weapons
 l - a +1 arbalest (weapon)
Armour
 h - the +1 ring mail of Xitalis (worn) {Fly rPois rF+ Will+}
   (You found it on level 5 of the Dungeon)

   rF:        It protects you from fire.
   rPois:     It protects you from poison.
   Fly:       It grants you flight.
   Will:      It increases your willpower.
 i - a scarf of resistance (worn)
Jewellery
 e - a ring of willpower (left hand)
Scrolls
 a - 2 scrolls of identify
Potions
 c - 6 potions of curing
 f - 2 potions of enlightenment
 g - 3 potions of haste
 j - a potion of resistance

Dungeon Overview and Level Annotations

Branches:
Dungeon (7/15)
 Temple: D:4-7

Altars:
Nemelex Xobeh
Trog

Shops:
D:1 :   D:4 *!:!(


Message History

There is an open door here.
Things that are here:
a +0 robe; a +1 mace
There is an open door here.
There is an open door here.
There is a stone staircase leading down here.
You fly downwards.
There is a stone staircase leading up here.
Waypoint 6 assigned to D:7.
You reach down and open the door. 2 wights and a wyvern come into view.
A wight is wielding a +2 halberd of freezing.
The wyvern hisses angrily.
A wight comes into view. It is wielding a +0 war axe.
The wyvern bites you!
Found 4 poisoned darts.
You shoot a bolt. The bolt barely misses the wyvern.
The bolt closely misses the wight.
The bolt hits the wight!
You destroy the wight!
The wyvern bites you but does no damage.
The wyvern closely misses you.
You shoot a bolt. The bolt barely misses the wyvern.
The bolt hits the wight!!
You destroy the wight!
The wyvern bites you. The wyvern bites you!
You shoot a bolt. The bolt hits the wyvern.
The wyvern is moderately wounded.
The wyvern bites you but does no damage. x2
You shoot a bolt. The bolt hits the wyvern.
The wyvern is moderately wounded.
The wyvern bites you but does no damage. x2
The wyvern bites you!
You shoot a bolt.
The bolt hits the wyvern but does no damage.
The wyvern is moderately wounded.
The wyvern barely misses you. The wyvern bites you!
5500 ||| READING scroll of teleportation.
As you read the scroll of teleportation, it crumbles to dust.
You feel strangely unstable. The wyvern barely misses you.
The wyvern bites you!
You die...

...##
....#
###...#
#.(...
..).#
.z. #l#
###@###
#.....#
#.....#
#.....#
#.....#
#..<..#
#######


You could see a wyvern and a wight.

Vanquished Creatures
  Sigmund (D:6)
  2 orc warriors (D:6)
  2 black bears
  An ogre (D:5)
  A bullfrog (D:6)
  4 scorpions
  6 wights
  A howler monkey (D:5)
  A jelly (D:6)
  6 orc priests
  An iguana (D:5)
  A sleepcap (D:6)
  Natasha (D:3)
  3 orc wizards (D:6)
  3 hound zombies (D:3)
  2 hound skeletons (D:3)
  4 gnolls (D:4)
  9 adders
  2 shadow imps
  A white imp (D:6)
  3 ufetubi
  2 adder zombies (D:3)
  A worm (D:2)
  3 adder skeletons (D:3)
  2 dart slugs
  24 orcs
  6 endoplasms
  3 giant cockroaches
  5 hobgoblins
  2 jackals (D:2)
  3 kobolds
  7 quokkas
  5 ball pythons
  A ball python skeleton (D:3)
  A ball python zombie (D:3)
  12 bats
  7 goblins
  12 rats
151 creatures vanquished.

Notes
Turn   | Place    | Note
-------+----------+-------------------------------------------
     0 | D:1      | qw the Gargoyle Hexslinger began the quest for the Orb.
     0 | D:1      | Reached XP level 1. HP: 12/12 MP: 2/2
     0 | D:1      | 0 ||| qw: Version: 0.3-a-46-gb1f654a
     0 | D:1      | 0 ||| qw: Game counter: 2574
     0 | D:1      | 0 ||| qw: Melee chars always use a shield: true
     0 | D:1      | 0 ||| qw: God list: Okawaru
     0 | D:1      | 0 ||| qw: Allow faded altars: false
     0 | D:1      | 0 ||| qw: Do Orc after clearing Dungeon:15 true
     0 | D:1      | 0 ||| qw: Do second Lair branch before Depths: true
     0 | D:1      | 0 ||| qw: Lair rune preference: random
     0 | D:1      | 0 ||| qw: Goals: Normal
     0 | D:1      | 0 ||| PLANNING D:1-11
    55 | D:1      | Found Ijuses's Book Shop.
   111 | D:1      | Reached XP level 2. HP: 15/16 MP: 3/3
   182 | D:1      | Reached skill level 3 in Ranged Weapons
   384 | D:1      | 384 ||| FLEEEEING.
   385 | D:1      | 385 ||| FLEEEEING.
   519 | D:1      | Reached XP level 3. HP: 21/21 MP: 4/4
   721 | D:1      | 721 ||| UPGRADING to +0 ring mail.
   731 | D:1      | 731 ||| DROPPING +0 robe.
   732 | D:1      | 732 ||| UPGRADING to ring of willpower.
   733 | D:1      | 733 ||| READING 2 scrolls labelled IMABRA UJURPH.
   734 | D:1      | 734 ||| DROPPING scroll of poison.
   835 | D:2      | Reached XP level 4. HP: 21/26 MP: 5/5
   963 | D:2      | Reached skill level 4 in Ranged Weapons
  1126 | D:2      | Found a faded altar of an unknown god.
  1263 | D:2      | 1263 ||| READING scroll labelled WUGUFUAVOI.
  1264 | D:2      | 1264 ||| DRINKING 2 fuming black potions.
  1265 | D:2      | 1265 ||| DROPPING potion of degeneration.
  1301 | D:3      | Reached skill level 1 in Armour
  1419 | D:3      | 1419 ||| FLEEEEING.
  1420 | D:3      | 1420 ||| FLEEEEING.
  1421 | D:3      | 1421 ||| FLEEEEING.
  1457 | D:3      | Reached XP level 5. HP: 26/30 MP: 6/6
  1563 | D:3      | Reached skill level 5 in Ranged Weapons
  1815 | D:3      | Noticed Natasha
  1823 | D:3      | Killed Natasha
  1824 | D:3      | Reached skill level 3 in Fighting
  1878 | D:3      | Reached XP level 6. HP: 31/37 MP: 7/7
  1995 | D:3      | 1995 ||| READING 2 scrolls labelled NILA SOJIE.
  2000 | D:3      | 2000 ||| READING scroll labelled VIUF YNIKHLUW.
  2001 | D:3      | 2001 ||| READING scroll labelled NEFFOA YSIOXT.
  2002 | D:3      | 2002 ||| READING scroll labelled BOL MEIDIEZOBU.
  2109 | D:4      | Found Gederchia's Distillery.
  2119 | D:4      | 2119 ||| BUYING potion of curing (39 gold).
  2119 | D:4      | Bought a potion of curing for 39 gold pieces
  2119 | D:4      | 2119 ||| BUYING potion of curing (39 gold).
  2119 | D:4      | Bought a potion of curing for 39 gold pieces
  2119 | D:4      | 2119 ||| BUYING potion of enlightenment (65 gold).
  2119 | D:4      | Bought a potion of enlightenment for 65 gold pieces
  2119 | D:4      | 2119 ||| BUYING potion of enlightenment (65 gold).
  2119 | D:4      | Bought a potion of enlightenment for 65 gold pieces
  2119 | D:4      | 2119 ||| SHOPLISTING potion of might (52 gold, have 9).
  2163 | D:4      | 2163 ||| Stepping ~*~*~tactically~*~*~ (outnumbered).
  2182 | D:4      | Found Faschugg's Assorted Antiques.
  2211 | D:4      | Found Saweacipn's Book Shoppe.
  2214 | D:4      | Noticed a black bear
  2240 | D:4      | Killed a black bear
  2241 | D:4      | Reached skill level 6 in Ranged Weapons
  2403 | D:4      | Found Vastill's Weapon Shop.
  2436 | D:4      | Found Xaurem's Distillery.
  2451 | D:4      | 2451 ||| BUYING potion of curing (30 gold).
  2451 | D:4      | Bought a potion of curing for 30 gold pieces
  2451 | D:4      | 2451 ||| SHOPLISTING potion of curing (30 gold, have 4).
  2451 | D:4      | 2451 ||| SHOPLISTING potion of mutation (80 gold, have 4).
  2479 | D:4      | 2479 ||| SWAPPING to +0 arbalest.
  2494 | D:4      | Reached XP level 7. HP: 15/42 MP: 8/8
  2593 | D:4      | 2593 ||| DROPPING +2 sling.
  3055 | D:4      | 3055 ||| SHOPLISTING faintly humming robe (131 gold, have
                  | 15).
  3055 | D:4      | 3055 ||| SHOPLISTING golden potion (20 gold, have 15).
  3055 | D:4      | 3055 ||| SHOPLISTING scroll of identify (46 gold, have 15).
  3055 | D:4      | 3055 ||| UPGRADING to scarf of resistance.
  3060 | D:4      | 3060 ||| DRINKING 3 blue potions.
  3061 | D:4      | 3061 ||| DRINKING 2 fuming ruby potions.
  3062 | D:4      | 3062 ||| READING 2 scrolls of identify.
  3062 | D:4      | 3062 ||| IDENTIFYING lumpy blue potion
  3063 | D:4      | 3063 ||| DROPPING potion of lignification.
  3064 | D:4      | 3064 ||| DROPPING potion of attraction.
  3135 | D:5      | Entered Level 5 of the Dungeon
  3140 | D:5      | 3140 ||| STAIRDANCE
  3189 | D:5      | 3189 ||| FLEEEEING.
  3190 | D:5      | 3190 ||| FLEEEEING.
  3192 | D:5      | 3192 ||| STAIRDANCE
  3280 | D:5      | Identified the +1 ring mail of Xitalis {Fly rPois rF+
                  | Will+}
  3407 | D:5      | Reached skill level 7 in Ranged Weapons
  3624 | D:5      | 3624 ||| FLEEEEING.
  3626 | D:5      | 3626 ||| FLEEEEING.
  3758 | D:5      | 3758 ||| READING scroll of enchant weapon.
  3758 | D:5      | 3758 ||| ENCHANTING +0 arbalest.
  4035 | D:5      | Reached skill level 8 in Ranged Weapons
  4035 | D:5      | Reached XP level 8. HP: 31/48 MP: 9/9
  4118 | D:5      | 4118 ||| UPGRADING to +1 ring mail of Xitalis {Fly rPois
                  | rF+ Will+}.
  4128 | D:5      | 4128 ||| DROPPING +0 ring mail.
  4129 | D:5      | 4129 ||| DRINKING 2 sedimented emerald potions.
  4130 | D:5      | 4130 ||| READING 3 scrolls of identify.
  4130 | D:5      | 4130 ||| IDENTIFYING purple potion
  4311 | D:6      | Noticed Sigmund
  4315 | D:6      | Killed Sigmund
  4316 | D:6      | Reached skill level 9 in Ranged Weapons
  4608 | D:6      | 4608 ||| Stepping ~*~*~tactically~*~*~ (outnumbered).
  4610 | D:6      | 4610 ||| Stepping ~*~*~tactically~*~*~ (outnumbered).
  4612 | D:6      | 4612 ||| Stepping ~*~*~tactically~*~*~ (outnumbered).
  4623 | D:6      | Reached skill level 6 in Fighting
  4736 | D:6      | Found a sparkling altar of Nemelex Xobeh.
  4772 | D:6      | Found a bloodstained altar of Trog.
  4834 | D:6      | Reached XP level 9. HP: 55/55 MP: 10/10
  4982 | D:6      | 4982 ||| FLEEEEING.
  4984 | D:6      | 4984 ||| FLEEEEING.
  4985 | D:6      | 4985 ||| FLEEEEING.
  4986 | D:6      | 4986 ||| FLEEEEING.
  4987 | D:6      | 4987 ||| FLEEEEING.
  4988 | D:6      | 4988 ||| FLEEEEING.
  4989 | D:6      | 4989 ||| FLEEEEING.
  4990 | D:6      | 4990 ||| FLEEEEING.
  4991 | D:6      | 4991 ||| FLEEEEING.
  4992 | D:6      | 4992 ||| FLEEEEING.
  4993 | D:6      | 4993 ||| FLEEEEING.
  4994 | D:6      | 4994 ||| FLEEEEING.
  4995 | D:6      | 4995 ||| FLEEEEING.
  4997 | D:6      | 4997 ||| FLEEEEING.
  4998 | D:6      | 4998 ||| FLEEEEING.
  4999 | D:6      | 4999 ||| FLEEEEING.
  5000 | D:6      | 5000 ||| STAIRDANCE
  5039 | D:5      | 5039 ||| DROPPING ring of wizardry.
  5043 | D:6      | 5043 ||| STAIRDANCE
  5219 | D:6      | 5219 ||| Stepping ~*~*~tactically~*~*~ (outnumbered).
  5230 | D:6      | HP: 3/55 [orc warrior/+0 trident (12)]
  5231 | D:6      | 5231 ||| READING 2 scrolls of teleportation.
  5232 | D:6      | 5232 ||| DRINKING potion of heal wounds.
  5366 | D:6      | 5366 ||| Stepping ~*~*~tactically~*~*~ (outnumbered).
  5368 | D:6      | 5368 ||| Stepping ~*~*~tactically~*~*~ (outnumbered).
  5376 | D:6      | Reached skill level 10 in Ranged Weapons
  5499 | D:7      | HP: 5/56 [wyvern (14)]
  5500 | D:7      | 5500 ||| READING scroll of teleportation.
  5500 | D:7      | Slain by a wyvern

Levels and vault maps discovered:
D:1:      eino_arrival_tree_alley, layout_basic, serial_shops, shop,
          minmay_rat_gold_closets
D:2:      layout_rooms, ebering_ecumenical_altar_mist
D:3:      layout_basic, serial_undead, serial_undead_e, serial_undead_a,
          serial_undead_e, serial_undead_a, serial_undead_b, serial_undead_d,
          serial_undead_a, serial_undead_a, serial_undead_f, serial_undead_f,
          uniq_natasha
D:4:      layout_cave_pods, serial_shops, shop, shop, shop,
          nicolae_inconvenience_store, nicolae_shop_industrial_runoff
D:5:      layout_gridville
D:6:      layout_loops_corners, lemuel_crystal_altar,
          mainiacjoe_overflow_boulevard, uniq_sigmund
D:7:      layout_basic, minmay_temple_entry_steel_oval, serial_rivers,
          chequers_serial_rivers_micro_a, chequers_serial_rivers_small_3,
          chequers_serial_rivers_large_a, chequers_serial_rivers_micro_e,
          chequers_serial_rivers_micro_b, chequers_serial_rivers_marsh,
          serial_shops, nicolae_shop_drivethru

Skill      XL: |  1  2  3  4  5  6  7  8  9 |
---------------+----------------------------+-----
Ranged Weapons | 3 4 5 6 8 9 10 | 10.0
Fighting       | 2 3 4 6 |  6.4
Armour         | 1 2 |  2.2
Dodging        | 2 |  2.1
Spellcasting   | |  1.0
Hexes          | |  2.6

Action                     |  1- 3 |  4- 6 |  7- 9 || total
---------------------------+-------+-------+-------++-------
   Fire: Sling             |   116 |   264 |       ||   380
         Arbalest          |       |    14 |   205 ||   219
    Use: Scroll            |     1 |     5 |     5 ||    11
         Potion            |       |     1 |     4 ||     5
 Armour: Robe              |     7 |       |       ||     7
         Ring mail         |    23 |   121 |    71 ||   215
  Dodge: Dodged            |    41 |   159 |    96 ||   296

Table legend:
 A = Non-vault XP
 B = Vault XP
 C = Vault XP percentage of total XP
 D = Non-vault monster count
 E = Vault monster count
 F = Vault count percentage of total count
                 A         B        C        D         E       F
            +---------+---------+-------+---------+---------+-------
      Total |    2406 |     392 |  14.0 |     131 |      20 |  13.2
            +---------+---------+-------+---------+---------+-------
        D:1 |      37 |       6 |  14.0 |      22 |       6 |  21.4
        D:2 |      66 |       0 |   0.0 |      21 |       0 |   0.0
        D:3 |      66 |     163 |  71.2 |      12 |      13 |  52.0
        D:4 |     408 |       0 |   0.0 |      24 |       0 |   0.0
        D:5 |     638 |       0 |   0.0 |      26 |       0 |   0.0
        D:6 |    1051 |     223 |  17.5 |      24 |       1 |   4.0
        D:7 |     140 |       0 |   0.0 |       2 |       0 |   0.0
            +---------+---------+-------+---------+---------+-------
